Map: Thunderbird LE

Players

Mez

  • Race: Terran Terran
  • League: Master
  • Spawn Location: 11:00

A.I. 1 (Very Easy) - Winner!

  • Race: Terran Terran
  • Spawn Location: 5:00

VOD

Have the link to the VOD?

Description

Time

  • Played on: Aug. 26, 2019, 10:40 p.m.
  • Length: 7:46
Show
View Real Time Build Order
Export as new Build Order

Mez Terran 

Build Orders:  

Get SALT Encoding   

  12  0:05  SCV  
  13  0:17  SCV  
  14  0:22  Supply Depot  
  14  0:29  SCV  
  14  0:31  Refinery  
  15  0:43  SCV  
  15  0:49  Barracks  
  16  0:55  SCV  
  17  1:07  SCV  
  18  1:20  SCV  
  20  1:38  Reaper  
  20  1:39  Orbital Command  
  20  1:50  Supply Depot  
  20  1:54  Bunker x2, Supply Depot  
  20  2:06  SCV  
  21  2:10  Reaper  
  22  2:26  SCV  
  23  2:36  Bunker  
  23  2:40  SCV  
  23  2:42  Reaper  
  25  3:14  Reaper  
  26  5:39  Bunker  
  26  5:44  Bunker  
  26  5:50  Reaper  
  27  6:02  Bunker  
  27  6:09  Bunker  
Show
View Real Time Build Order
Export as new Build Order

A.I. 1 (Very Easy) Terran - Winner!

Build Orders:  

Get SALT Encoding   

  12  0:00  SCV  
  13  0:13  SCV  
  14  0:18  Supply Depot  
  14  0:37  Refinery  
  14  0:42  Barracks  
  14  1:04  Supply Depot  
  14  1:11  Refinery  
  14  1:29  Orbital Command  
  14  1:30  Marine  
  15  1:54  SCV  
  16  2:06  Marine, SCV  
  18  2:18  SCV  
  19  2:30  SCV  
  20  2:41  Marine  
  20  2:43  SCV  
  22  2:55  SCV  
  23  6:02  Marine, SCV  
  23  6:03  Supply Depot  
  25  6:05  Factory  
  25  6:25  SCV  
  26  6:28  Supply Depot  
  26  6:33  Barracks Tech Lab  
  26  6:37  SCV  
  27  6:40  Command Center  
  27  6:49  SCV  
  27  6:52  Starport  
  28  6:55  Marauder  
  28  7:01  SCV  
  31  7:29  Starport Tech Lab  
Tags
 
League
Master
Matchup
TvT
Race
Terran
Replay Pack
Spawningtool_Mez
Spawn Locations
Cross Positions
Add a new tag
Caveats
  • Supply blocks, unpowered buildings, or Contaminate may cause inaccurate times.
  • Supply counts are checked every 10 seconds.